 Dungeon Crawl Stone Soup version 0.19-a0-665-g79b24d5 (webtiles) character file.

904075 Laan the Bringer of Light (level 27, -18/199 HPs)
             Began as a Gargoyle Fighter on June 14, 2016.
             Was the Champion of the Shining One.
             Thrown by an iron giant (64 damage)
             ... on level 4 of the Iron City of Dis on June 16, 2016.
             The game lasted 04:54:30 (87769 turns).

Laan the Bringer of Light (Gargoyle Fighter)       Turns: 87769, Time: 04:54:30

Health: -18/199    AC: 65    Str: 33      XL:     27
Magic:  44/44      EV: 15    Int: 17 (18) God:    the Shining One [******]
Gold:   7313       SH: 58    Dex:  9      Spells: 0 memorised, 26 levels left

rFire  + + .     SeeInvis +     J - +9 sacred scourge (holy)
rCold  + + .     Gourm    .     w - +7 storm dragon armour of Lugonu's Envy {rElec rN+ Regen+ Str-3 Int+3}
rNeg   + + +     Faith    .     r - +8 large shield
rPois  ∞         Spirit   .     Z - +3 helmet of the Ban {-Tele rC++ Int+2 SInv}
rElec  +         Dismiss  .     g - +2 cloak {MR+}
rCorr  .         Reflect  +     F - +0 pair of gloves of the Last Realms {rF+ Str+2}
SustAt +         Harm     .     s - +2 pair of boots
MR     +++..     NoTele   +     o - amulet "Qooske" {Reflect rElec Str+5 SH+4 Stlth+}
Stlth  ..........               U - ring of sustain attributes
                                D - ring of protection from fire

@: divine shield, flying, very slightly contaminated, glowing, studying 2
skills, extremely resistant to hostile enchantments, extremely unstealthy
A: big wings, high mp 1, mutation resistance 1, negative energy resistance 1,
electricity resistance, unbreathing, petrification resistance, rot immunity, AC
+20
a: Stop Flying, Divine Shield, Cleansing Flame, Summon Divine Warrior, Renounce
Religion
}: 5/15 runes: serpentine, barnacled, silver, golden, abyssal


You were on level 4 of the Iron City of Dis.
You worshipped the Shining One.
The Shining One was exalted by your worship.
You were not hungry.

You visited 14 branches of the dungeon, and saw 61 of its levels.
You visited the Abyss 1 time.
You visited 1 bazaar.
You visited 2 ziggurats, and saw 29 of their levels (deepest: 15).
You also visited: Labyrinth, Ossuary, Bailey and Ice Cave.

You collected 10935 gold pieces.
You spent 3622 gold pieces at shops.

Inventory:

Hand Weapons
 J - a +9 sacred scourge of holy wrath (weapon)
Missiles
 E - 62 javelins (quivered)
Armour
 a - a +2 plate armour of fire resistance
 g - a +2 cloak of magic resistance (worn)
 r - a +8 large shield (worn)
 s - a +2 pair of boots (worn)
 w - the +7 storm dragon armour of Lugonu's Envy (worn) {rElec rN+ Regen+ Str-3 Int+3}
   (You found it on level 8 of a ziggurat)

   It affects your strength (-3).
   It affects your intelligence (+3).
   It insulates you from electricity.
   It protects you from negative energy.
   It increases your rate of regeneration.
 F - the +0 pair of gloves of the Last Realms (worn) {rF+ Str+2}
   (You found it on level 3 of the Tomb of the Ancients)

   It affects your strength (+2).
   It protects you from fire.
 K - the +1 pair of gloves of Koutawn {rC+ Regen+ MP+9}
   (You found it on level 13 of a ziggurat)

   It protects you from cold.
   It affects your magic capacity (+9).
   It increases your rate of regeneration.
 Z - the +3 helmet of the Ban (worn) {-Tele rC++ Int+2 SInv}
   (You found it on level 10 of a ziggurat)

   It affects your intelligence (+2).
   It greatly protects you from cold.
   It lets you see invisible.
   It prevents most forms of teleportation.
Jewellery
 o - the amulet "Qooske" (around neck) {Reflect rElec Str+5 SH+4 Stlth+}
   (You took it off a hell knight on level 5 of the Vaults)

   [amulet of reflection]

   It shields you and reflects attacks.
   It affects your strength (+5).
   It insulates you from electricity.
   It affects your SH (+4).
   It makes you more stealthy.
 q - a +4 ring of protection
 v - the ring of Contentment {rCorr rC+ rN+ MR- Int+3}
   (You found it on level 3 of the Elven Halls)

   [ring of resist corrosion]

   It affects your intelligence (+3).
   It protects you from cold.
   It protects you from negative energy.
   It affects your resistance to hostile enchantments.
 y - an uncursed ring of resist corrosion
 C - the ring "Lulixze" {rC+ Int+2}
   (You found it on level 15 of the Dungeon)

   [ring of protection from cold]

   It affects your intelligence (+2).
   It protects you from cold.
 D - a ring of protection from fire (left hand)
 H - an uncursed ring of protection from fire
 P - the amulet of Qazlal's Whim {RegenMP rF+ Stlth+}
   (You found it on level 13 of a ziggurat)

   [amulet of magic regeneration]

   It increases your magic regeneration.
   It protects you from fire.
   It makes you more stealthy.
 Q - an uncursed ring of protection from magic
 U - a ring of sustain attributes (right hand)
Wands
 j - a wand of hasting (0/9)
 k - a wand of heal wounds (8/9)
 n - a wand of heal wounds (0/9)
 N - a wand of teleportation (4/9)
 O - a wand of teleportation (3/9)
 R - a wand of heal wounds (7/9)
 T - a wand of digging (11/24)
 V - a wand of digging (5/24)
 W - a wand of heal wounds (0/9)
 Y - a wand of teleportation (7/9)
Scrolls
 t - 30 scrolls of teleportation
 u - 2 scrolls of holy word
 x - 46 scrolls of remove curse
 A - 8 scrolls of magic mapping
 G - 19 scrolls of enchant armour
 I - 15 scrolls of enchant weapon
 L - 10 scrolls of blinking
 M - 7 scrolls of identify
Potions
 b - 3 potions of berserk rage
 c - 3 potions of beneficial mutation
 e - 4 potions of resistance
 i - 14 potions of curing
 m - a potion of might
 z - 2 potions of haste
 B - 8 potions of cure mutation
Books
 l - a manual of Dodging
 X - a manual of Axes
Comestibles
 f - 40 bread rations
 h - 33 royal jellies


   Skills:
 O Level 27 Fighting
 + Level 25.0 Maces & Flails
 O Level 27 Armour
 + Level 11.5 Dodging
 O Level 27 Shields
 O Level 27 Invocations
 + Level 8.7 Evocations


You had 26 spell levels left.
You didn't know any spells.

Dungeon Overview and Level Annotations

Branches:
Dungeon (15/15)            Temple (1/1) D:6            Lair (6/6) D:8
 Shoals (4/4) Lair:2        Snake (4/4) Lair:3        Slime (0/5) Lair:5
    Orc (2/2) D:12            Elf (3/3) Orc:2        Vaults (5/5) D:13
  Crypt (3/3) Vaults:3       Tomb (3/3) Crypt:3      Depths (5/5) D:15
   Hell (1/1)                 Dis (4/7) Hell            Geh (0/7) Hell
    Coc (0/7) Hell            Tar (0/7) Hell            Zot (5/5) Depths:5

Altars:
Ashenzari
Cheibriados
Dithmenos
Elyvilon
Fedhas
Gozag
Hepliaklqana
Kikubaaqudgha
Makhleb
Nemelex Xobeh
Okawaru
Pakellas
Qazlal
Ru
Sif Muna
Trog
Uskayaw
Vehumet
Xom
Yredelemnul
Zin
The Shining One
Beogh
Jiyva
Lugonu

Shops:
D:9 =   D:13 =(}   Orc:2 [}!*   Elf:3 =   Shoals:2 *!   Vaults:4 [*?[[
Depths:2 (

Portals:
Hell: Depths:1 Depths:2 Depths:3 Depths:4 Depths:5
Abyss: Depths:3 Depths:4 Depths:5
Pandemonium: Orc:2 Depths:3


Innate Abilities, Weirdness & Mutations

You are resistant to torment.
Your stone body is resilient. (AC +20)
You are immune to poison.
Your large and strong wings let you fly indefinitely.
You resist negative energy. (rN+)
You are resistant to electric shocks. (rElec)
You can survive without breathing.
You are immune to petrification.
You are immune to rotting.
You have an increased reservoir of magic. (+10% MP)
You are somewhat resistant to further mutation.


Message History

The greater mummy points at you and mumbles some strange words.
Something smites you!
* * * LOW HITPOINT WARNING * * *
You hit the emperor scorpion.
The emperor scorpion is almost dead.
The greater mummy mumbles some strange words.
The mummy priest utters an invocation to its god.
The greater mummy casts a spell at you. Something smites you!
* * * LOW HITPOINT WARNING * * *
You hit the emperor scorpion but do no damage.
The emperor scorpion is almost dead.
You block the emperor scorpion's attack. x2
The emperor scorpion claws you but does no damage.
You whack the emperor scorpion!
You kill the emperor scorpion!
The emperor scorpion's corpse disappears in a puff of smoke!
The greater mummy mumbles some strange words.
The phantasmal warrior blinks!
The iron giant throws you!
You die...

......................# +.......
......................##+########
###############..................
############....... #.#W.#
#8##....... # # #.#§##
#.##....... #. #.#.#C#
#.##.......
##'#'#4#2#s###.###'#####
'....WM@4ss.'...#..#...#
'..44M8M48..'...'..#...'
'..ZssM4S§..'...#..#...#
##'#V#M#M#)###.######### #.
#.#z#.#..##.##....... # #
#Z#.#####.##....... #.#..
#8##.......
######################.......
#....+.......................


You could see an iron giant, 2 greater mummies, 5 emperor scorpions, a reaper, a
mummy priest, an orange demon, a phantasmal warrior, a mana viper, a hellwing
(wandering), a guardian mummy (wandering), an ushabti, an ice devil, a freezing
wraith, 2 sixfirhies, a vampire (wandering), a red devil, a flying skull, 2
mummies, a shadow dragon simulacrum and an elf skeleton.

Vanquished Creatures
  A pandemonium lord (Zig:2)
  3 orbs of fire
  Mennas (Tomb:2)
  10 ancient liches
  A juggernaut (Zig:9)
  34 greater mummies
  Boris (Tomb:3)
  A shard shrike (Zig:12)
  Frederick (Tomb:2)
  2 curse toes
  Xtahua (Crypt:2)
  Geryon (Hell)
  Jory (Crypt:3)
  3 Killer Klowns (Zot:5)
  The ghost of SataraUzumaki the Hoplite, an adept MiFi of Okawaru (Elf:3)
  3 caustic shrikes
  6 bone dragons
  A profane servitor (Zig:13)
  13 golden dragons
  Nikola (Depths:2)
  3 electric golems (Zot:5)
  An iron giant (Zig:4)
  11 liches
  2 Tzitzimimeh (Zig:13)
  A Brimstone Fiend (Dis:2)
  10 tentacled monstrosities
  24 Orb Guardians (Zot:5)
  A Hell Sentinel (Zig:8)
  2 Ice Fiends (Zig:12)
  Asterion (Depths:3)
  6 titans
  6 death cobs
  3 quicksilver dragons
  2 deep elf master archers (Zig:9)
  3 krakens
  2 deep elf blademasters (Elf:3)
  2 Executioners
  Frances (Shoals:2)
  10 sphinxes
  An acid blob (shapeshifter) (Vaults:5)
  8 ancient champions
  2 eldritch tentacles (Dis:1)
  The ghost of nago the Hand of Fortune, an adept HOWn of Nemelex Xobeh (Snake:4)
  8 tentacled starspawn
  Agnes (Snake:4)
  The ghost of Arkorax the Severer, an adept HOFi of Okawaru (Orc:2)
  9 draconian monks
  Roxanne (Elf:2)
  5 tengu reavers
  14 storm dragons
  13 shadow dragons
  Ilsuiw (Shoals:4)
  A daeva (Zig:15)
  24 greater nagas
  11 revenants
  7 ghost moths
  12 fire giants
  9 deep elf sorcerers
  20 frost giants
  16 vault wardens
  A balrug (Zig:8)
  7 draconian knights
  2 draconian scorchers (Zot:1)
  An emperor scorpion (Zig:14)
  2 orc warlords
  16 reapers
  5 draconian zealots
  6 draconian shifters
  7 curse skulls
  4 iron dragons
  2 war gargoyles
  8 ghouls
  6 draconian annihilators
  8 deep elf elementalists
  A black sun (Zig:13)
  15 ironheart preservers
  17 stone giants
  22 large abominations
  19 very ugly things
  12 vampire knights
  7 draconian callers
  6 bennus (Tomb:2)
  9 deep elf demonologists
  13 green draconians
  6 black draconians
  6 spark wasps
  8 yellow draconians
  11 red draconians
  7 white draconians
  15 purple draconians
  2 dire elephants (Zig:7)
  9 deep elf annihilators
  8 mottled draconians
  28 ettins
  5 eidola
  8 great orbs of eyes
  10 fire dragons
  A minotaur (Lab)
  10 merfolk impalers
  7 merfolk javelineers
  A green death (Dis:4)
  A death ooze (Zig:1)
  7 blizzard demons
  34 mummy priests
  14 jiangshi
  17 deep elf death magi
  15 ogre magi
  14 entropy weavers
  4 quicksilver dragon zombies
  6 deep elf high priests
  12 yaktaur captains
  A quicksilver dragon skeleton (Zig:8)
  2 spriggan air magi
  31 vault guards
  9 hydras
  16 ice dragons
  4 rakshasas
  13 naga warriors
  A merfolk avatar (Zig:5)
  5 death knights
  A ghost crab (shapeshifter) (Vaults:4)
  A spectral fire giant (Zig:13)
  An anaconda (shapeshifter) (Zig:10)
  2 catoblepae
  7 anacondas
  2 merfolk aquamancers
  An alligator snapping turtle (Shoals:2)
  6 centaur warriors
  2 satyrs
  A satyr (shapeshifter) (Vaults:5)
  3 tengu warriors
  39 dancing weapons
  2 titan zombies
  9 deep troll earth magi
  10 deep troll shamans
  52 death scarabs
  8 death yaks
  5 hell hogs
  20 thrashing horrors
  12 shock serpents
  4 spriggan berserkers (Depths:5)
  22 vampire magi
  36 hell knights
  16 naga sharpshooters
  21 deep elf knights
  5 sun demons
  3 storm dragon zombies
  9 orc high priests
  10 soul eaters
  7 shadow wraiths
  33 skeletal warriors
  A titan skeleton (Dis:1)
  A spark wasp zombie (Zig:8)
  6 iron trolls
  A storm dragon skeleton (Dis:2)
  5 wretched stars
  4 fire crabs
  4 salamander mystics
  31 deep trolls
  A sea snake (shapeshifter) (Vaults:5)
  2 unseen horrors
  20 small abominations
  A death drake (Zig:13)
  3 spatial maelstroms
  5 golden dragon zombies (Crypt:3)
  10 flayed ghosts
  4 anaconda zombies
  A tengu zombie (Vaults:1)
  63 starcursed masses
  A kraken simulacrum (Hell)
  2 infernal demonspawn (Orc:2)
  14 sea snakes
  A golden dragon skeleton (Dis:1)
  2 wizards
  4 naga ritualists
  22 necromancers
  5 giant orange brains
  13 ironbrand convokers
  20 deep elf archers
  A spectral iron dragon (Zig:13)
  7 orb spiders
  19 hill giants
  28 orc knights
  79 deep elf magi
  21 anubis guards
  15 phantasmal warriors
  A shadow dragon skeleton (Crypt:1)
  9 mana vipers
  A lindwurm (Lair:4)
  21 ugly things
  7 oklob plants (Zig:8)
  An anaconda skeleton (Crypt:1)
  10 orc sorcerers
  5 stone giant zombies
  14 harpies
  3 fire giant zombies
  3 frost giant zombies
  17 cyclopes
  3 tengu skeletons
  A shining eye (Abyss:5)
  4 hornets (shapeshifter)
  3 hornets
  14 manticores
  14 griffons
  4 sixfirhies
  9 wolf spiders
  10 fauns
  5 fire giant skeletons
  15 salamanders
  10 sirens
  A cyclops (shapeshifter) (Vaults:5)
  A sphinx skeleton (Crypt:1)
  29 moths of wrath
  20 elephants
  A centaur zombie (D:13)
  Joseph (D:8)
  A frost giant skeleton (Crypt:1)
  A shock serpent zombie (Tomb:1)
  4 stone giant skeletons
  11 guardian serpents
  17 vault sentinels
  40 black mambas
  3 ice statues
  2 orange demons
  5 water nymphs
  6 molten gargoyles
  9 rust devils
  33 naga magi
  5 dire elephant zombies
  A spiny frog (shapeshifter) (Elf:3)
  11 smoke demons
  An emperor scorpion zombie (Crypt:1)
  An eye of devastation (Abyss:5)
  8 torpor snails
  9 spiny frogs
  An iron troll zombie (Crypt:1)
  A dire elephant skeleton (Tomb:1)
  5 komodo dragons
  5 rime drakes
  A golden dragon simulacrum (IceCv)
  An orc skeleton (Vaults:3)
  38 yaktaurs
  13 freezing wraiths
  A green draconian skeleton (Crypt:2)
  3 kobold demonologists
  15 tormentors
  4 efreet
  6 demonic crawlers
  A purple draconian zombie (Crypt:3)
  A yaktaur (shapeshifter) (Vaults:4)
  5 anaconda simulacra (IceCv)
  A spectral glowing shapeshifter (Zig:13)
  7 hellions
  A rime drake (shapeshifter) (D:13)
  49 guardian mummies
  5 jumping spiders
  11 polar bears
  11 ice devils
  9 ancient zymes
  A silent spectre (Abyss:5)
  4 harpy zombies
  7 trolls
  3 hydra zombies (Hell)
  9 red devils
  2 tengu conjurers (Depths:3)
  2 jumping spiders (shapeshifter) (Vaults:2)
  2 merfolk (shapeshifter)
  A queen bee (shapeshifter) (Zig:10)
  35 merfolk
  A meliai (shapeshifter) (Depths:3)
  11 two-headed ogres
  A two-headed ogre (shapeshifter) (Depths:3)
  A giant leech (shapeshifter) (Depths:1)
  A shadow dragon simulacrum (Vaults:3)
  2 bog bodies (Crypt:2)
  A blink frog (shapeshifter) (Vaults:4)
  8 blink frogs
  7 boulder beetles
  4 ice dragon zombies
  A meliai zombie (D:10)
  2 wind drakes
  21 raiju
  2 ettin zombies
  13 snapping turtles
  2 fire dragon zombies
  18 slime creatures
  6 air elementals
  A stone giant simulacrum (Vaults:1)
  39 flying skulls
  17 ushabtiu
  Sigmund (D:3)
  An ice dragon skeleton (Crypt:1)
  A spriggan zombie (Zig:8)
  3 dire elephant simulacra (IceCv)
  An alligator zombie (Dis:2)
  A black mamba zombie (Abyss:4)
  2 ettin skeletons
  2 spriggans
  13 shadows
  13 tarantellas
  2 tarantellas (shapeshifter)
  A spriggan skeleton (Zig:8)
  5 ynoxinuls
  19 wraiths
  19 vampires
  29 redbacks
  A yak (shapeshifter) (Vaults:4)
  18 water elementals
  A wyvern (Lair:4)
  43 yaks
  14 fire elementals
  A human (shapeshifter) (Depths:5)
  2 hungry ghosts
  A fire bat (Abyss:5)
  2 golden eyes (Abyss:5)
  3 neqoxecs
  12 vampire mosquitoes
  3 basilisks
  9 chaos spawn
  11 hippogriffs
  A deep troll zombie (Vaults:4)
  9 wargs
  Menkaure (D:7)
  4 spatial vortices
  A soldier ant (shapeshifter) (Abyss:5)
  2 iron troll simulacra (IceCv)
  44 nagas
  4 harpy simulacra (IceCv)
  A mottled dragon (D:14)
  A wind drake skeleton (Crypt:2)
  6 insubstantial wisps (Abyss:1)
  Duvessa (D:7)
  20 hell hounds
  A soldier ant (D:11)
  A giant eyeball (shapeshifter) (Depths:3)
  An orb spider zombie (Crypt:3)
  6 porcupines
  7 hydra simulacra
  10 water moccasins
  A swamp dragon zombie (Crypt:1)
  A giant eyeball (Abyss:5)
  A swamp drake (D:12)
  16 black bears
  5 ice beasts
  2 sky beasts
  58 orc warriors
  3 snapping turtle zombies
  A black bear (shapeshifter) (Depths:4)
  39 ogres
  A wasp (Depths:5)
  2 elf zombies
  4 eyes of draining
  13 boggarts
  9 necrophages
  2 alligator simulacra (IceCv)
  A wolf (shapeshifter) (Vaults:2)
  19 wolves
  An elephant skeleton (Crypt:3)
  An anubis guard skeleton (Crypt:1)
  21 centaurs
  A centaur (shapeshifter) (Vaults:5)
  3 elf skeletons
  A crocodile (shapeshifter) (Depths:1)
  15 crocodiles
  3 big kobolds
  A hog skeleton (Crypt:2)
  12 giant frogs
  3 human zombies
  An earth elemental (Zig:11)
  6 yaktaur skeletons
  2 gnoll sergeants
  4 scorpions
  2 wyvern skeletons
  Dowan (D:7)
  4 human simulacra
  15 killer bees
  18 wights
  2 electric eels (Lair:3)
  6 jellies
  2 howler monkeys
  A lava snake (Elf:2)
  10 crimson imps
  3 draconian simulacra (IceCv)
  A wasp zombie (D:11)
  2 giant frog zombies
  27 orc priests
  A quasit (Abyss:3)
  Crazy Yiuf (D:6)
  18 hounds
  19 orc wizards
  4 giant frog skeletons
  13 iron imps
  18 human skeletons
  3 centaur skeletons
  Natasha (twice) (D:2)
  8 iguanas
  9 worker ants
  5 hell rats
  A polar bear simulacrum (IceCv)
  2 troll simulacra (IceCv)
  A lightning spire (Zig:15)
  A spriggan simulacrum (IceCv)
  33 sheep
  A killer bee zombie (Crypt:3)
  A demigod zombie (Crypt:2)
  A dwarf zombie (Crypt:3)
  A sky beast zombie (Crypt:1)
  2 big kobold zombies
  2 centaur simulacra (IceCv)
  A big kobold skeleton (Crypt:1)
  A naga skeleton (Crypt:1)
  3 hound zombies
  A hound skeleton (D:4)
  57 mummies
  A howler monkey zombie (D:6)
  2 worker ant zombies (D:8)
  Robin (D:2)
  7 gnolls
  A hell rat skeleton (Crypt:2)
  A howler monkey skeleton (Crypt:1)
  39 river rats
  11 adders
  4 naga simulacra (IceCv)
  2 ogre simulacra (IceCv)
  A shadow imp (D:13)
  9 white imps
  4 ufetubi (IceCv)
  2 adder zombies
  2 oozes
  A sheep zombie (Crypt:2)
  6 worms
  2 dart slugs
  5 giant geckos
  116 orcs
  6 bats
  4 giant cockroaches
  A gnoll zombie (Ossuary)
  16 goblins
  5 hobgoblins
  12 jackals
  6 quokkas
  2 giant newts
  A hobgoblin zombie (Ossuary)
  2 jackal skeletons
  14 kobolds
  2 kobold zombies (Ossuary)
  3 orc zombies (Ossuary)
  6 rats
  5 crawling corpses
  3 plants
  8 starspawn tentacles
  3 starspawn tentacle segments (Zig:15)
  9 tentacles
  A tentacle segment (Shoals:1)
3716 creatures vanquished.

Vanquished Creatures (collateral kills)
  A thrashing horror (Zig:15)
1 creature vanquished.

Vanquished Creatures (others)
  Margery (Vaults:5)
  An Orb Guardian (Zot:5)
  3 deep elf master archers
  A lich (Depths:2)
  An eldritch tentacle (Dis:4)
  A ghost moth (Zig:14)
  An ironheart preserver (Vaults:5)
  A reaper (Zig:11)
  A stone giant (Depths:4)
  A deep elf annihilator (Elf:3)
  A deep elf high priest (Elf:3)
  An ettin (Zig:10)
  3 yaktaur captains
  An ice dragon (Zig:12)
  A death knight (Zig:10)
  3 satyrs
  3 naga sharpshooters
  2 deep elf knights
  2 skeletal warriors (D:15)
  2 deep elf archers
  An ironbrand convoker (Vaults:4)
  An anaconda skeleton (Tomb:2)
  2 orb spiders (Zig:14)
  A mana viper (Snake:2)
  3 cyclopes
  A vault sentinel (Vaults:5)
  17 yaktaurs
  An air elemental (Depths:4)
  8 flying skulls
  2 redbacks
  A tarantella (Zig:14)
  A wraith (Crypt:3)
  A water elemental (Hell)
  A steam dragon (shapeshifter) (Vaults:5)
  2 nagas (Snake:4)
  A manticore skeleton (Tomb:2)
  A boggart (Vaults:2)
  4 centaurs
  A wight (Dis:3)
  3 starcursed masses (Zig:13)
  2 mummies (Tomb:2)
  4 orcs
  A quokka (D:5)
  78 eldritch tentacle segments
  4 fungi
  7 lost souls
  16 plants
  29 starspawn tentacles
  236 starspawn tentacle segments
  20 tentacles
  640 tentacle segments
1121 creatures vanquished.

Grand Total: 4838 creatures vanquished

Notes
Turn   | Place    | Note
--------------------------------------------------------------
     0 | D:1      | Laan the Gargoyle Fighter began the quest for the Orb.
     0 | D:1      | Reached XP level 1. HP: 14/14 MP: 1/1
   154 | D:1      | Reached XP level 2. HP: 19/19 MP: 2/2
   767 | D:2      | Reached XP level 3. HP: 22/23 MP: 3/3
  1134 | D:2      | Reached XP level 4. HP: 23/28 MP: 4/4
  1252 | D:2      | Found an oddly glowing altar of Pakellas.
  1275 | D:2      | Noticed Natasha
  1276 | D:2      | Noticed Robin
  1334 | D:2      | Killed Natasha
  1502 | D:2      | Killed Robin
  1533 | D:2      | Noticed Natasha
  1544 | D:2      | Killed Natasha
  1544 | D:2      | Reached XP level 5. HP: 31/33 MP: 5/5
  1706 | D:3      | Found a hazy altar of Hepliaklqana.
  2413 | D:4      | Reached XP level 6. HP: 31/39 MP: 6/6
  2492 | D:4      | Noticed Sigmund
  2788 | D:3      | Killed Sigmund
  2932 | D:4      | Reached XP level 7. HP: 43/44 MP: 7/7
  3247 | D:4      | Found a bloodstained altar of Trog.
  3393 | D:4      | Reached skill level 5 in Maces & Flails
  3568 | D:5      | Entered Level 5 of the Dungeon
  3621 | D:4      | Reached skill level 5 in Fighting
  3621 | D:4      | Reached skill level 5 in Shields
  3927 | D:4      | Reached skill level 5 in Armour
  4058 | D:5      | Found a basalt altar of Yredelemnul.
  4117 | D:5      | Found a white marble altar of Elyvilon.
  4197 | D:5      | Reached XP level 8. HP: 50/50 MP: 8/8
  4304 | D:5      | Found a radiant altar of Vehumet.
  4309 | D:5      | Found a hide-covered altar of Uskayaw.
  4311 | D:5      | Found a shattered altar of Ashenzari.
  4313 | D:5      | Found a shimmering altar of Xom.
  4314 | D:5      | Found a burning altar of Makhleb.
  4593 | D:6      | Found a burning altar of Makhleb.
  4829 | D:6      | Noticed Crazy Yiuf
  4838 | D:6      | Killed Crazy Yiuf
  5035 | D:6      | Found a staircase to the Ecumenical Temple.
  5228 | Temple   | Entered the Ecumenical Temple
  5239 | Temple   | Became a worshipper of the Shining One
  5568 | D:6      | Reached XP level 9. HP: 21/56 MP: 9/9
  5984 | D:7      | Noticed Duvessa
  5984 | D:7      | Noticed Dowan
  6007 | D:7      | Killed Dowan
  6008 | D:7      | Killed Duvessa
  6262 | D:7      | Reached * piety under the Shining One
  6473 | D:7      | Noticed Menkaure
  6480 | D:7      | Killed Menkaure
  6643 | D:8      | Noticed Joseph
  6669 | D:8      | Killed Joseph
  6779 | D:8      | Noticed an elephant
  6779 | D:8      | Found a staircase to the Lair.
  6802 | D:8      | Killed an elephant
  6802 | D:8      | Reached XP level 10. HP: 56/64 MP: 10/10
  7004 | D:8      | Found a deep blue altar of Sif Muna.
  7030 | D:8      | Reached ** piety under the Shining One
  7053 | D:8      | Found a sand-covered staircase.
  7062 | Ossuary  | Entered an ossuary
  7121 | Ossuary  | Reached *** piety under the Shining One
  7369 | D:8      | Found an iron altar of Okawaru.
  7701 | Lair:1   | Entered Level 1 of the Lair of Beasts
  8063 | Lair:1   | Reached skill level 10 in Maces & Flails
  8240 | Lair:1   | Noticed a seven-headed hydra
  8259 | Lair:1   | Killed a seven-headed hydra
  8455 | Lair:1   | Reached XP level 11. HP: 7/69 MP: 11/11
  8860 | Lair:1   | Reached XP level 12. HP: 75/75 MP: 12/12
  9033 | Lair:2   | Noticed a seven-headed hydra
  9049 | Lair:2   | Killed a seven-headed hydra
  9602 | Lair:2   | Noticed an eight-headed hydra
  9610 | Lair:2   | Killed an eight-headed hydra
  9618 | Lair:2   | Found a staircase to the Shoals.
 10826 | Lair:3   | Found a staircase to the Snake Pit.
 10947 | Lair:3   | Reached skill level 10 in Armour
 11033 | Lair:3   | Reached skill level 10 in Fighting
 11584 | Lair:3   | Reached XP level 13. HP: 80/82 MP: 13/13
 11823 | Lair:4   | Reached skill level 10 in Shields
 11936 | Lair:4   | Reached **** piety under the Shining One
 12952 | Lair:5   | Reached skill level 15 in Maces & Flails
 13324 | Lair:5   | Found a staircase to the Slime Pits.
 13324 | Lair:5   | Found a viscous altar of Jiyva.
 13658 | Lair:5   | Found a snail-covered altar of Cheibriados.
 14093 | Lair:6   | Entered Level 6 of the Lair of Beasts
 14988 | Lair:5   | Gained mutation: Your large and strong wings let you fly indefinitely. [Gargoyle growth]
 14988 | Lair:5   | Reached XP level 14. HP: 22/90 MP: 14/14
 16043 | Lair:6   | Reached ***** piety under the Shining One
 16383 | Lair:6   | Got a polished ring mail
 17218 | D:9      | Found an opulent altar of Gozag.
 17326 | D:9      | Found a sparkling altar of Nemelex Xobeh.
 17729 | D:9      | Identified the +1 ring mail of Sovereignty {Regen+} (You found it on level 6 of the Lair of Beasts)
 17924 | D:9      | Found Vouggeat's Jewellery Emporium.
 17936 | D:9      | Bought a cursed ring of teleportation for 54 gold pieces
 18072 | D:10     | Entered Level 10 of the Dungeon
 18326 | D:10     | Found a flagged portal.
 18338 | Bailey   | Entered a bailey
 19299 | D:11     | Reached XP level 15. HP: 77/97 MP: 15/15
 19830 | D:12     | Reached ****** piety under the Shining One
 19921 | D:12     | Got a steaming flail
 19922 | D:12     | Identified the +6 flail "Qoetoz" {flame, *Drain +Inv rN+++} (You found it on level 12 of the Dungeon)
 20194 | D:12     | Found a staircase to the Orcish Mines.
 20998 | D:13     | Found a gate to the Vaults.
 21109 | D:13     | Found Toka's Antique Weapon Emporium.
 21195 | D:13     | Found Lomul's Gadget Shop.
 21589 | D:13     | Found Gudgh's Jewellery Emporium.
 21837 | D:14     | Found a labyrinth entrance.
 21846 | Lab      | Entered a labyrinth
 22144 | Lab      | Identified a scroll of acquirement
 22628 | D:15     | Entered Level 15 of the Dungeon
 22725 | D:15     | Got a shimmering gossamer ring
 22878 | D:15     | Found a staircase to the Depths.
 22878 | D:15     | Noticed a frost giant
 22893 | D:15     | Killed a frost giant
 23285 | D:15     | Found a shadowy altar of Dithmenos.
 23321 | D:15     | Identified the ring "Lulixze" {rC+ Int+2} (You found it on level 15 of the Dungeon)
 23537 | Orc:1    | Entered Level 1 of the Orcish Mines
 23727 | Orc:1    | Noticed an orc warlord
 23731 | Orc:1    | Paralysed by an orc sorcerer for 7 turns
 23750 | Orc:1    | Killed an orc warlord
 23750 | Orc:1    | Reached XP level 16. HP: 42/104 MP: 16/16
 24177 | Orc:1    | Found a roughly hewn altar of Beogh.
 24221 | Orc:2    | Entered Level 2 of the Orcish Mines
 24245 | Orc:2    | Found a staircase to the Elven Halls.
 24258 | Orc:2    | Noticed Arkorax's ghost (adept HOFi)
 24291 | Orc:2    | Killed Arkorax's ghost
 24919 | Orc:2    | Found Fem Obesch's General Store.
 24923 | Orc:2    | Found Ybboup's Distillery.
 25177 | Orc:2    | Bought a potion of heal wounds for 90 gold pieces
 25177 | Orc:2    | Bought a potion of curing for 54 gold pieces
 25177 | Orc:2    | Bought a potion of curing for 54 gold pieces
 25177 | Orc:2    | Bought a potion of curing for 54 gold pieces
 25177 | Orc:2    | Bought a potion of heal wounds for 90 gold pieces
 25177 | Orc:2    | Bought a potion of experience for 900 gold pieces
 25177 | Orc:2    | Bought a potion of heal wounds for 90 gold pieces
 25177 | Orc:2    | Reached XP level 17. HP: 110/110 MP: 17/17
 25711 | Orc:2    | Paralysed by an orc sorcerer for 4 turns
 25802 | Orc:2    | Found Qaeteh's Gadget Shoppe.
 25802 | Orc:2    | Found a one-way gate leading to the halls of Pandemonium.
 25802 | Orc:2    | Found Oqyr's Antique Armour Emporium.
 25820 | Orc:2    | Bought a transparent plate armour for 560 gold pieces
 25820 | Orc:2    | Bought a glowing chain mail for 90 gold pieces
 25820 | Orc:2    | Bought a glowing chain mail for 90 gold pieces
 25830 | Orc:2    | Identified the cursed +0 plate armour of Kaqoqap {+Fly rPois rN+ MR-} (You bought it in a shop on level 2 of the Orcish Mines)
 26026 | Depths:1 | Entered Level 1 of the Depths
 26078 | Depths:1 | Found a shimmering altar of Xom.
 26078 | Depths:1 | Noticed a lich
 26806 | Depths:1 | Paralysed by a lich for 6 turns
 26816 | Depths:1 | Killed a lich
 27317 | Depths:1 | Found a gateway to Hell.
 27716 | Depths:1 | Gained mutation: You are agile. (Dex +2) [potion of beneficial mutation]
 28330 | Depths:2 | Found Neaji's Antique Weapon Boutique.
 28338 | Depths:2 | Bought a runed morningstar for 148 gold pieces
 28338 | Depths:2 | Bought an ancient mace for 296 gold pieces
 28338 | Depths:2 | Bought a dazzling flail for 314 gold pieces
 28345 | Depths:2 | Noticed Nikola
 28360 | Depths:2 | Killed Nikola
 28384 | Depths:1 | Reached XP level 18. HP: 71/117 MP: 18/18
 28615 | Depths:2 | Noticed a tentacled monstrosity
 28641 | Depths:2 | Killed a tentacled monstrosity
 28811 | Depths:2 | Noticed a caustic shrike
 28826 | Depths:2 | Killed a caustic shrike
 29109 | Depths:1 | Reached skill level 15 in Armour
 29580 | Temple   | Identified a +2 sacred scourge of holy wrath (a +0 demon whip blessed by the Shining One)
 29580 | Temple   | Received a gift from the Shining One
 29855 | Depths:2 | Noticed a lich
 29862 | Depths:2 | Noticed an Ice Fiend
 29863 | Depths:2 | Reached skill level 15 in Fighting
 29868 | Depths:2 | Killed a lich
 30364 | Shoals:1 | Entered Level 1 of the Shoals
 30511 | Shoals:1 | Reached skill level 1 in Invocations
 30728 | Shoals:1 | Identified the +5 mace of Wyrd {freeze, rElec Str+2 Dex+4} (You bought it in a shop on level 2 of the Depths)
 31103 | Shoals:2 | Found Ipruissot's Distillery.
 31112 | Shoals:2 | Bought a potion of haste for 180 gold pieces
 31112 | Shoals:2 | Bought a potion of curing for 54 gold pieces
 31112 | Shoals:2 | Bought a potion of heal wounds for 90 gold pieces
 31117 | Shoals:2 | Gained mutation: Your flesh is heat resistant. (rF+) [potion of beneficial mutation]
 31182 | Shoals:2 | Noticed Frances
 31203 | Shoals:2 | Killed Frances
 31459 | Shoals:2 | Identified the +4 flail of the Sun {drain, *Noise Str+2 Dex+4} (You bought it in a shop on level 2 of the Depths)
 31470 | Shoals:2 | Found Xuuh's Assorted Antiques.
 31573 | Shoals:2 | Reached skill level 15 in Shields
 32363 | Shoals:3 | Reached skill level 5 in Invocations
 32807 | Shoals:4 | Entered Level 4 of the Shoals
 33091 | Shoals:4 | Noticed Ilsuiw
 33134 | Shoals:4 | Killed Ilsuiw
 33189 | Shoals:4 | Reached XP level 19. HP: 119/124 MP: 23/23
 34293 | Shoals:4 | Got a barnacled rune of Zot
 34975 | Snake:1  | Entered Level 1 of the Snake Pit
 35220 | Snake:1  | Got a vibrating steel ring
 37007 | Snake:3  | Reached XP level 20. HP: 76/132 MP: 27/27
 37515 | Snake:3  | Reached skill level 10 in Invocations
 37729 | Snake:3  | Got a clouded silver amulet
 38109 | Snake:3  | Identified the amulet of Sarchetet {Faith Int+5} (You acquired it on level 3 of the Snake Pit)
 38111 | Snake:3  | Identified the ring "Vusod" {+Inv EV+5} (You found it on level 1 of the Snake Pit)
 38118 | Snake:4  | Entered Level 4 of the Snake Pit
 38155 | Snake:4  | Noticed nago's ghost (adept HOWn)
 38164 | Snake:4  | Killed nago's ghost
 38914 | Snake:4  | Got a serpentine rune of Zot
 39171 | Snake:4  | Noticed Agnes
 39189 | Snake:4  | Killed Agnes
 39258 | Snake:4  | Got a heavily runed hat
 39269 | Snake:4  | Identified the +0 hat of Fyeraihe {*Contam *Corrode Regen+ Int+5} (You acquired it on level 4 of the Snake Pit)
 39298 | Snake:4  | Gained mutation: Your body sometimes deteriorates upon taking damage. [mutagenic glow]
 39345 | Snake:4  | Lost mutation: Your flesh is heat resistant. (rF+) [potion of cure mutation]
 39345 | Snake:4  | Lost mutation: Your body sometimes deteriorates upon taking damage. [potion of cure mutation]
 39345 | Snake:4  | Lost mutation: You are agile. (Dex +2) [potion of cure mutation]
 39699 | Vaults:1 | Entered Level 1 of the Vaults
 39726 | Vaults:1 | Gained mutation: Your spells are a little easier to cast, but a little less powerful. [a neqoxec]
 39729 | Vaults:1 | Gained mutation: Your body sometimes deteriorates upon taking damage. [a neqoxec]
 39734 | Vaults:1 | Gained mutation: Scrolls take you a little longer to read. [a neqoxec]
 41127 | Vaults:2 | Reached XP level 21. HP: 136/139 MP: 30/30
 41156 | Vaults:2 | Found a flickering gateway to a bazaar.
 41166 | Bazaar   | Entered a bazaar
 41170 | Bazaar   | Found Asuwelei's Jewellery Boutique.
 41189 | Bazaar   | Found Gitib's Magic Scroll Emporium.
 41207 | Bazaar   | Found Sassadom's Weapon Boutique.
 41225 | Bazaar   | Found Wuyjuqeh's Book Shoppe.
 41263 | Bazaar   | Bought a scroll of identify for 28 gold pieces
 41263 | Bazaar   | Bought a scroll of identify for 28 gold pieces
 41263 | Bazaar   | Bought a scroll of identify for 28 gold pieces
 42972 | Vaults:3 | Found a staircase to the Crypt.
 43549 | Vaults:4 | Found Uple's Armour Emporium.
 44127 | Vaults:4 | Found Ymoqun Mil's Magic Scroll Emporium.
 44209 | Vaults:4 | Found Vaebbax's Armour Shop.
 44278 | Vaults:4 | Bought a +1 cloak of magic resistance for 330 gold pieces
 44308 | Vaults:4 | Lost mutation: Scrolls take you a little longer to read. [potion of cure mutation]
 44308 | Vaults:4 | Lost mutation: Your body sometimes deteriorates upon taking damage. [potion of cure mutation]
 44308 | Vaults:4 | Lost mutation: Your spells are a little easier to cast, but a little less powerful. [potion of cure mutation]
 44454 | Vaults:4 | Found Aclew's Armour Shop.
 44668 | Vaults:4 | Reached XP level 22. HP: 145/146 MP: 32/32
 44833 | Vaults:4 | Found Umnyew's Assorted Antiques.
 44999 | Vaults:5 | Entered Level 5 of the Vaults
 45554 | Vaults:4 | Reached skill level 15 in Invocations
 45684 | Vaults:5 | Noticed Margery
 45698 | Vaults:5 | Killed Margery
 45960 | Vaults:5 | Noticed a golden dragon
 46335 | Vaults:5 | Killed a golden dragon
 46620 | Vaults:5 | Reached XP level 23. HP: 108/152 MP: 35/35
 47182 | Vaults:5 | HP: 6/153 [redback (glowing shapeshifter) (8)]
 47183 | Vaults:5 | HP: 1/153 [acid (13)]
 47650 | Vaults:5 | Got a sparkling emerald amulet
 47722 | Vaults:5 | Got a scorched bronze ring
 47836 | Vaults:5 | Identified the amulet "Qooske" {Reflect rElec Str+5 SH+4 Stlth+} (You took it off a hell knight on level 5 of the Vaults)
 47855 | Vaults:5 | Identified the ring of Generosity {Ice +Fly Str+4 Int+4 Slay+2} (You took it off a yaktaur on level 5 of the Vaults)
 48146 | Vaults:5 | Got a silver rune of Zot
 48348 | Vaults:5 | Identified the Guide on Fetching Flames
 50481 | Depths:3 | Found a one-way gate to the infinite horrors of the Abyss.
 50734 | Depths:3 | Reached XP level 24. HP: 35/160 MP: 35/35
 51089 | Depths:3 | Noticed Asterion
 51109 | Depths:3 | Killed Asterion
 51654 | Depths:3 | Identified the Tome of Black Rites
 52645 | Depths:4 | Found a gateway to a ziggurat.
 53123 | Depths:4 | Noticed a caustic shrike
 53140 | Depths:4 | Killed a caustic shrike
 53254 | Depths:4 | Got an amber-studded plate armour
 53255 | Depths:4 | Identified the +2 plate armour "Asunouhae" {*Drain rElec Int+3 Stlth+} (You found it on level 4 of the Depths)
 53623 | Depths:5 | Entered Level 5 of the Depths
 54306 | Depths:5 | Reached XP level 25. HP: 140/168 MP: 36/36
 56529 | Depths:5 | Found a gate to the Realm of Zot.
 56600 | Zot:1    | Entered Level 1 of the Realm of Zot
 57915 | Zot:1    | Reached XP level 26. HP: 140/175 MP: 37/37
 61795 | Zot:4    | Noticed an orb of fire
 61819 | Zot:4    | Killed an orb of fire
 63276 | Elf:1    | Entered Level 1 of the Elven Halls
 63386 | Elf:1    | Reached XP level 27. HP: 182/182 MP: 37/37
 64234 | Elf:2    | Noticed Roxanne
 64368 | Elf:2    | Killed Roxanne
 64627 | Elf:2    | Found a huge runed gate.
 64627 | Elf:2    | Found a huge runed gate.
 64628 | Elf:2    | Found a huge runed gate.
 64629 | Elf:2    | Found a huge runed gate.
 64632 | Elf:2    | Found a huge runed gate.
 65149 | Elf:3    | Entered Level 3 of the Elven Halls
 65181 | Elf:3    | Found a frozen archway.
 65196 | IceCv    | Entered an ice cave
 66042 | Elf:3    | Found Xacsu's Jewellery Emporium.
 66538 | Elf:3    | Noticed SataraUzumaki's ghost (adept MiFi)
 66564 | Elf:3    | Killed SataraUzumaki's ghost
 67058 | Elf:3    | Got a twitching bone ring
 67060 | Elf:3    | Got a sparkling iron ring
 67118 | Elf:3    | Got a polished morningstar {flame}
 67259 | Elf:3    | Got a slimy iron ring
 67320 | Elf:3    | Identified the ring of the Country {rElec rN+ Stlth-} (You took it off a deep elf blademaster on level 3 of the Elven Halls)
 67321 | Elf:3    | Identified the ring of Contentment {rCorr rC+ rN+ MR- Int+3} (You found it on level 3 of the Elven Halls)
 67322 | Elf:3    | Identified the ring "Rankurph" {MR++ Int+4 Dex-4 SInv} (You took it off a deep elf sorcerer on level 3 of the Elven Halls)
 67323 | Elf:3    | Identified the +5 morningstar "Immoroq" {flame, rElec Int+4} (You took it off a deep elf demonologist on level 3 of the Elven Halls)
 67392 | Elf:3    | Got a polished mace
 68129 | Zot:5    | Entered Level 5 of the Realm of Zot
 68756 | Zot:5    | Noticed an ancient lich
 68762 | Zot:5    | Killed an ancient lich
 68799 | Zot:5    | Noticed an ancient lich
 68800 | Zot:5    | Noticed an ancient lich
 68883 | Zot:5    | Noticed an orb of fire
 68898 | Zot:5    | Noticed an ancient lich
 68901 | Zot:5    | Gained mutation: You are clumsy. (Dex -2) [an orb of fire]
 68920 | Zot:5    | Gained mutation: You are frail. (-10% HP) [an orb of fire]
 68924 | Zot:5    | Killed an orb of fire
 68943 | Zot:5    | Killed an ancient lich
 69018 | Zot:5    | Noticed an ancient lich
 69025 | Zot:5    | Killed an ancient lich
 69336 | Zot:5    | Noticed an orb of fire
 69349 | Zot:5    | Killed an orb of fire
 69367 | Zot:5    | Noticed an ancient lich
 69372 | Zot:5    | Killed an ancient lich
 69379 | Zot:5    | Killed an ancient lich
 69427 | Zot:5    | Killed an ancient lich
 70552 | Crypt:1  | Entered Level 1 of the Crypt
 71599 | Crypt:2  | Got an ancient hat
 71600 | Crypt:2  | Identified the +0 hat "Huxosa" {rPois MR++ Int-3 Dex+2} (You acquired it on level 2 of the Crypt)
 72148 | Crypt:3  | Entered Level 3 of the Crypt
 72170 | Crypt:3  | Noticed Xtahua
 72208 | Crypt:2  | Killed Xtahua
 72295 | Crypt:3  | Identified the +8 mace of Bemuats {freeze, *Drain rElec Int+5 Stlth+} (You found it on level 3 of the Elven Halls)
 72427 | Crypt:3  | Found a staircase to the Tomb.
 72948 | Crypt:3  | Noticed Jory
 73020 | Crypt:3  | Killed Jory
 73363 | Crypt:3  | Identified the Grimoire of Ashen Enhancements
 73767 | Hell     | Entered the Vestibule of Hell
 73767 | Hell     | Noticed Geryon
 73912 | Hell     | Killed Geryon
 74020 | Hell     | Found a gateway to the freezing wastes of Cocytus.
 74088 | Hell     | Found a gateway to the decaying netherworld of Tartarus.
 74191 | Hell     | Found a gateway to the Iron City of Dis.
 74236 | Hell     | Found a gateway to the ashen valley of Gehenna.
 74508 | Depths:5 | Voluntarily entered the Abyss.
 75252 | Abyss:5  | Entered Level 5 of the Abyss
 75343 | Abyss:5  | Paralysed by accursed screaming for 1 turns
 75365 | Abyss:5  | Gained mutation: You are dopey. (Int -2) [a neqoxec]
 75440 | Abyss:5  | Paralysed by accursed screaming for 1 turns
 75444 | Abyss:5  | Gained mutation: You are extremely frail. (-30% HP) [a shining eye]
 75449 | Abyss:5  | Paralysed by accursed screaming for 2 turns
 75645 | Abyss:5  | Gained mutation: Your body sometimes deteriorates upon taking damage. [a neqoxec]
 76124 | Abyss:5  | Got an abyssal rune of Zot
 76169 | Depths:5 | Escaped the Abyss
 76174 | Depths:5 | Lost mutation: You are very frail. (-20% HP) [potion of cure mutation]
 76174 | Depths:5 | Lost mutation: You are clumsy. (Dex -2) [potion of cure mutation]
 76174 | Depths:5 | Lost mutation: Your body sometimes deteriorates upon taking damage. [potion of cure mutation]
 76175 | Depths:5 | Upgraded the game from 0.19-a0-644-gd04d753 to 0.19-a0-650-gab89c2a
 76235 | Zig:1    | Entered Level 1 of a ziggurat
 76262 | Zig:2    | Entered Level 2 of a ziggurat
 76265 | Zig:2    | Noticed Tituupo the pandemonium lord
 76295 | Zig:2    | Killed Tituupo the pandemonium lord
 76312 | Zig:3    | Entered Level 3 of a ziggurat
 76365 | Zig:4    | Entered Level 4 of a ziggurat
 76412 | Zig:4    | Got a shimmering plate armour
 76413 | Zig:4    | Identified the +3 plate armour "Agaul" {rC- rN+ Str+3} (You found it on level 4 of a ziggurat)
 76428 | Zig:5    | Entered Level 5 of a ziggurat
 76722 | Zig:5    | Lost mutation: You are dopey. (Int -2) [potion of cure mutation]
 76722 | Zig:5    | Lost mutation: You are frail. (-10% HP) [potion of cure mutation]
 76723 | Zig:5    | Gained mutation: You are somewhat resistant to further mutation. [potion of beneficial mutation]
 76771 | Zig:6    | Entered Level 6 of a ziggurat
 76841 | Zig:6    | Identified the Tome of Fire and Translocation
 76854 | Zig:7    | Entered Level 7 of a ziggurat
 77237 | Zig:8    | Entered Level 8 of a ziggurat
 77328 | Zig:8    | Got a warped granite ring
 77337 | Zig:8    | Identified the ring "Ygogg" {EV+3 SInv} (You found it on level 8 of a ziggurat)
 77342 | Zig:8    | Got a polished storm dragon armour
 77343 | Zig:8    | Identified the +7 storm dragon armour of Lugonu's Envy {rElec rN+ Regen+ Str-3 Int+3} (You found it on level 8 of a ziggurat)
 77373 | Zig:9    | Entered Level 9 of a ziggurat
 77486 | Zig:10   | Entered Level 10 of a ziggurat
 77585 | Zig:10   | Got an ancient helmet
 77587 | Zig:10   | Identified the +3 helmet of the Ban {-Tele rC++ Int+2 SInv} (You found it on level 10 of a ziggurat)
 77604 | Zig:10   | Identified Kumul's Catalogue of Dislocation and Moulding
 77638 | Zig:11   | Entered Level 11 of a ziggurat
 77788 | Zig:12   | Entered Level 12 of a ziggurat
 77816 | Zig:12   | Reached skill level 27 in Invocations
 77902 | Zig:12   | Got an ancient golden amulet
 77921 | Zig:12   | Identified the amulet "Coczosot" {RegenMP rPois rN++} (You found it on level 12 of a ziggurat)
 77925 | Zig:13   | Entered Level 13 of a ziggurat
 77972 | Zig:13   | Paralysed by accursed screaming for 2 turns
 77986 | Zig:13   | Paralysed by accursed screaming for 2 turns
 78170 | Zig:13   | Got a faintly humming plate armour
 78175 | Zig:13   | Identified the cursed +0 plate armour "Yphauhom" {rElec Int-3 SInv Stlth+} (You found it on level 13 of a ziggurat)
 78183 | Zig:13   | Identified the Almanac of Combat Magic and the Glacier
 78193 | Zig:14   | Entered Level 14 of a ziggurat
 78305 | Zig:14   | HP: 9/192 [boulder beetle (14)]
 78600 | Zig:14   | Got a spiked plate armour
 78601 | Zig:14   | Identified the +1 plate armour of Space {rC+} (You found it on level 14 of a ziggurat)
 78629 | Zig:15   | Entered Level 15 of a ziggurat
 78639 | Zig:15   | Noticed an ancient lich
 78651 | Zig:15   | Paralysed by accursed screaming for 2 turns
 78655 | Zig:15   | HP: 6/192 [bone dragon (10)]
 78656 | Zig:15   | Killed an ancient lich
 78664 | Zig:15   | HP: 7/192 [smoke demon/divine providence (15)]
 78687 | Zig:15   | Paralysed by accursed screaming for 2 turns
 78695 | Zig:15   | HP: 9/192 [starcursed mass/accursed screaming (20)]
 78696 | Zig:15   | Paralysed by accursed screaming for 2 turns
 78971 | Zig:15   | Identified the Volume of Talismans and Weightlessness
 78977 | Zig:15   | Got a brightly glowing flail
 78978 | Zig:15   | Identified the +0 flail of Duty {holy, rElec rPois Str+4} (You found it on level 15 of a ziggurat)
 79364 | Tomb:1   | Entered Level 1 of the Tomb of the Ancients
 79624 | Tomb:1   | Noticed a greater mummy
 79640 | Tomb:1   | Killed a greater mummy
 79977 | Tomb:1   | Noticed a greater mummy
 79992 | Tomb:1   | Killed a greater mummy
 80449 | Tomb:2   | Noticed a greater mummy
 80451 | Tomb:2   | Noticed a greater mummy
 80473 | Tomb:2   | Noticed an ancient lich
 80532 | Tomb:2   | Noticed a greater mummy
 80549 | Tomb:1   | Killed an ancient lich
 80677 | Tomb:1   | Killed a greater mummy
 80745 | Tomb:1   | Killed a greater mummy
 81063 | Tomb:2   | Killed a greater mummy
 81183 | Tomb:2   | Paralysed by a Zot trap for 4 turns
 81348 | Tomb:1   | Noticed a greater mummy
 81353 | Tomb:1   | Noticed a greater mummy
 81358 | Tomb:1   | Noticed a greater mummy
 81377 | Tomb:2   | Killed a greater mummy
 81454 | Tomb:1   | Killed a greater mummy
 81477 | Tomb:1   | Noticed a greater mummy
 81496 | Tomb:1   | Killed a greater mummy
 81598 | Tomb:1   | Killed a greater mummy
 81699 | Tomb:1   | Noticed a greater mummy
 81713 | Tomb:1   | Killed a greater mummy
 81725 | Tomb:1   | Noticed a greater mummy
 81738 | Tomb:1   | Killed a greater mummy
 81767 | Tomb:1   | Noticed a greater mummy
 81769 | Tomb:1   | Noticed a greater mummy
 81770 | Tomb:1   | Noticed a greater mummy
 81776 | Tomb:1   | Noticed a greater mummy
 81780 | Tomb:1   | Killed a greater mummy
 81783 | Tomb:1   | Killed a greater mummy
 81813 | Tomb:1   | Noticed a greater mummy
 81819 | Tomb:1   | Killed a greater mummy
 81823 | Tomb:1   | Noticed a greater mummy
 81827 | Tomb:1   | Killed a greater mummy
 81835 | Tomb:1   | Noticed a greater mummy
 81836 | Tomb:1   | Killed a greater mummy
 81841 | Tomb:1   | Killed a greater mummy
 81861 | Tomb:1   | Killed a greater mummy
 82067 | Tomb:1   | Noticed a greater mummy
 82085 | Tomb:1   | Killed a greater mummy
 82114 | Tomb:1   | Noticed a greater mummy
 82128 | Tomb:1   | Killed a greater mummy
 82139 | Tomb:1   | Noticed a greater mummy
 82157 | Tomb:1   | Killed a greater mummy
 82341 | Tomb:3   | Entered Level 3 of the Tomb of the Ancients
 82345 | Tomb:3   | Noticed Mennas
 82360 | Tomb:3   | Noticed a greater mummy
 82403 | Tomb:2   | Killed Mennas
 82568 | Tomb:3   | Noticed Frederick
 82607 | Tomb:3   | Noticed a greater mummy
 82666 | Tomb:2   | Killed a greater mummy
 82704 | Tomb:3   | Noticed a greater mummy
 82724 | Tomb:3   | Noticed a greater mummy
 82987 | Tomb:2   | Killed a greater mummy
 83064 | Tomb:2   | Killed a greater mummy
 83137 | Tomb:2   | Killed Frederick
 83146 | Tomb:2   | Killed a greater mummy
 83276 | Tomb:3   | Noticed an ancient lich
 83292 | Tomb:3   | Killed an ancient lich
 83392 | Tomb:3   | Got a pair of fine gloves
 83397 | Tomb:3   | Identified the Grimoire of Frigorific Malediction
 83413 | Tomb:3   | Got a polished morningstar
 83416 | Tomb:3   | Identified the cursed +0 pair of gloves of the Last Realms {rF+ Str+2} (You found it on level 3 of the Tomb of the Ancients)
 83482 | Tomb:3   | Got a glittering pewter ring
 83483 | Tomb:3   | Identified the ring "Erghov" {rPois MR- Str+6 Int-3 SInv} (You found it on level 3 of the Tomb of the Ancients)
 83485 | Tomb:3   | Identified the +2 morningstar of Xauntoll {flame, Int+4 Dex+4 Stlth-} (You found it on level 3 of the Tomb of the Ancients)
 83509 | Tomb:3   | Noticed Boris
 83524 | Tomb:3   | Killed Boris
 83707 | Tomb:3   | Noticed a greater mummy
 83722 | Tomb:3   | Killed a greater mummy
 83822 | Tomb:3   | Noticed a greater mummy
 83977 | Tomb:3   | Noticed a greater mummy
 83988 | Tomb:3   | Killed a greater mummy
 83996 | Tomb:3   | Killed a greater mummy
 84095 | Tomb:3   | Noticed a greater mummy
 84103 | Tomb:3   | Killed a greater mummy
 84136 | Tomb:3   | Got a golden rune of Zot
 84740 | Zig:1    | Entered Level 1 of a ziggurat
 84757 | Zig:2    | Entered Level 2 of a ziggurat
 84794 | Zig:3    | Entered Level 3 of a ziggurat
 84833 | Zig:4    | Entered Level 4 of a ziggurat
 84885 | Zig:5    | Entered Level 5 of a ziggurat
 84961 | Zig:6    | Entered Level 6 of a ziggurat
 85020 | Zig:6    | Got a translucent chain mail
 85021 | Zig:6    | Identified the cursed +0 chain mail of Defence {MR++ Regen+ Str+3 Dex-3} (You found it on level 6 of a ziggurat)
 85054 | Zig:7    | Entered Level 7 of a ziggurat
 85139 | Zig:8    | Entered Level 8 of a ziggurat
 85170 | Zig:8    | Reached skill level 27 in Fighting
 85213 | Zig:9    | Entered Level 9 of a ziggurat
 85223 | Zig:9    | Noticed a juggernaut
 85253 | Zig:9    | Killed a juggernaut
 85387 | Zig:10   | Entered Level 10 of a ziggurat
 85406 | Zig:10   | Reached skill level 27 in Armour
 85438 | Zig:10   | Reached skill level 27 in Shields
 85452 | Zig:10   | Reached skill level 1 in Dodging
 85471 | Zig:10   | Got a scorched iron ring
 85476 | Zig:10   | Identified the ring "Giahaf" {Fire rElec Str-2 Dex-3 SInv} (You found it on level 10 of a ziggurat)
 85518 | Zig:11   | Entered Level 11 of a ziggurat
 85532 | Zig:11   | Noticed an ancient lich
 85539 | Zig:11   | Reached skill level 1 in Evocations
 85552 | Zig:11   | Killed an ancient lich
 85569 | Zig:11   | Got a vibrating golden ring
 85579 | Zig:11   | Identified The Last Secrets of Wizardry
 85590 | Zig:11   | Identified the ring "Sequoc" {*Drain Str-2 Int+8 Dex+3} (You found it on level 11 of a ziggurat)
 85593 | Zig:12   | Entered Level 12 of a ziggurat
 85623 | Zig:12   | Reached skill level 5 in Dodging
 85653 | Zig:12   | Got an ancient steel ring
 85655 | Zig:12   | Identified the Handbook of Transformation
 85660 | Zig:12   | Got a transparent gossamer ring
 85667 | Zig:12   | Identified the ring "Jafasmy" {rC+ MP+9 Stlth+} (You found it on level 12 of a ziggurat)
 85669 | Zig:12   | Identified the ring of Guyfaj {rElec rPois Str+4 Int-5 SInv} (You found it on level 12 of a ziggurat)
 85728 | Zig:13   | Entered Level 13 of a ziggurat
 85761 | Zig:13   | Reached skill level 5 in Evocations
 85775 | Zig:13   | Got a pair of dazzling gloves
 85790 | Zig:13   | Got a shimmering pewter amulet
 85795 | Zig:13   | Identified the +1 pair of gloves of Koutawn {rC+ Regen+ MP+9} (You found it on level 13 of a ziggurat)
 85796 | Zig:13   | Identified the amulet of Qazlal's Whim {RegenMP rF+ Stlth+} (You found it on level 13 of a ziggurat)
 85807 | Zig:13   | Got a polished whip
 85808 | Zig:13   | Identified the +8 whip "Spiderbane" {freeze, *Rage rPois Dex+6} (You found it on level 13 of a ziggurat)
 85812 | Zig:13   | Got a steaming buckler
 85813 | Zig:13   | Identified the cursed +0 buckler of Hide-and-Seek {*Corrode +Fly rElec SInv} (You found it on level 13 of a ziggurat)
 85818 | Zig:14   | Entered Level 14 of a ziggurat
 86154 | D:13     | Upgraded the game from 0.19-a0-650-gab89c2a to 0.19-a0-665-g79b24d5
 86275 | Dis:1    | Entered Level 1 of the Iron City of Dis
 87433 | Dis:4    | Reached skill level 10 in Dodging
 87507 | Dis:4    | Gained mutation: You have an increased reservoir of magic. (+10% MP) [mutagenic glow]
 87675 | Dis:4    | Noticed a greater mummy
 87677 | Dis:4    | Noticed a greater mummy
 87681 | Dis:4    | Noticed a greater mummy
 87692 | Dis:4    | Killed a greater mummy
 87695 | Dis:4    | Noticed a greater mummy
 87699 | Dis:4    | Killed a greater mummy
 87705 | Dis:4    | Noticed a greater mummy
 87709 | Dis:4    | Killed a greater mummy
 87718 | Dis:4    | Killed a greater mummy
 87723 | Dis:4    | Noticed a greater mummy
 87724 | Dis:4    | Noticed a greater mummy
 87741 | Dis:4    | Killed a greater mummy
 87769 | Dis:4    | Thrown by an iron giant

Vault maps used:
D:1:      scummos_arrival_simple_fountains
D:2:      grunt_pakellas_mercury, hangedman_decor_diamond_cutter,
          guppyfry_early_orc_mine, uniq_natasha, uniq_robin
D:3:      lemuel_round_altar, first_bread
D:4:      lemuel_doored_altar, uniq_sigmund
D:5:      elyvilon_altar_4, minitemple, old_standard_altar
D:6:      minmay_temple_entry_fiery, st_stairs_12, dk_noncrumbling_3,
          makhleb_heckhound_becter, uniq_crazy_yiuf_cottage
D:7:      kennysheep_generic_room_16, uniq_menkaure, uniq_duvessa
D:8:      kennysheep_mini, nicolae_overflow_hidden_temple, david_lair_generic,
          enter_ossuary_1, uniq_joseph
D:9:      lemuel_crystal_altar, nicolae_gozag_seed_capital, serial_shops,
          shop_fountains, grunt_ministairs_9
D:10:     enter_bailey_3
D:11:     kennysheep_generic_room_5
D:12:     erik_orc_1
D:13:     david_vaults_4, serial_shops, kennysheep_mini_moat,
          nicolae_shop_trees, shop
D:14:     roderic_hopi_sauvastika, lab_entry_generic, hangedman_fish_farm
D:15:     grunt_enter_depths_snipers, grunt_dithmenos_shadows,
          minmay_misc_feat_ornament, lemuel_flamethrower_3
Temple:   corrupted_temple
Lair:1:   small_statue_intersection, hibernation_bobbens, lemuel_fruit_tree,
          infiniplex_staircase_pool_2
Lair:2:   shoals_dummy_entry, forest_entry_grove
Lair:3:   guppyfry_snake_entry_garden, grunt_megastairs_3, lemuel_fruit_fields,
          serial_bayou_shore_a
Lair:4:   lemuel_fruit_fields, grunt_megastairs_2, lemuel_fruit_fields
Lair:5:   slime_altar_1, kennysheep_snail_temple
Lair:6:   hangedman_lair_caniforms_friends, grunt_forest_small_clearings
Shoals:2: serial_shops, shop, shop, uniq_frances
Shoals:3: nicolae_shoals_so_close
Shoals:4: shoals_end_hangedman, shoals_ilsuiw_ice
Snake:1:  nicolae_coiled_stairwell_down
Snake:3:  hangedman_cross_stitches, spider_trap, serial_bayou_pond_d
Snake:4:  snake_pit, spider_trap, uniq_agnes
Orc:1:    minmay_orc_temple_b
Orc:2:    pf_orc_diabolical, special_room
Elf:1:    minmay_elf_arrival_summoners
Elf:2:    minivault_8, basic_stair_grate_trap, uniq_roxanne
Elf:3:    elf_hall_gauntlet_narrow, portal_ice_cave_entry_pillars_three,
          serial_shops, shop, basic_stair_grate_trap
Vaults:1: v_rooms_6, hangedman_vaults_slither, ontoclasm_vaults_ligature,
          ontoclasm_vaults_misaligned, v_alt_pattern_1, v_misc_29,
          v_alt_pattern_1, v_alt_pattern_6, nicolae_vaults_little_squares_5,
          nicolae_vaults_windows_and_doors_thing, ontoclasm_vaults_hangar
Vaults:2: v_misc_13, v_pattern_2, v_misc_18, dpeg_vaults_monster_row,
          nicolae_vaults_mini_display_case, serial_shops, bzr_entry_water
Vaults:3: v_misc_31, minmay_crypt_entry_skeletal_spiral,
          hangedman_vaults_cutoff, nicolae_vaults_network_barrier,
          nicolae_vaults_ninety_degrees, v_misc_29, vaults_dpeg_doors,
          hangedman_vaults_stagger
Vaults:4: nicolae_vaults_rhombus_7, vaults_room_door_ring,
          nicolae_vaults_little_squares_3, dpeg_vaults_monster_box,
          nicolae_vaults_network_periphery, nicolae_vaults_three_branches,
          vaults_room_fours, grunt_vaults_trifunnel, vaults_dpeg_encased_lava,
          nicolae_vaults_rhombus_5, nicolae_vaults_yaktaur_gun_rack,
          vaults_room_hangedman_quadrants, serial_shops, shop, shop, shop, shop,
          nicolae_shop_trees
Vaults:5: serial_shops, uniq_margery
Crypt:1:  minivault_19
Crypt:2:  statuecave_lemuel, hex_medium, kb_skeletal_archery
Crypt:3:  due_elkab, uniq_xtahua
Tomb:3:   uniq_mennas, uniq_boris, uniq_frederick, uniq_jory
Depths:1: grunt_decor_fettered, hell_entry, xom_teletrap_fun,
          serial_bayou_shore_b
Depths:2: evilmike_cross, hell_entry, serial_shops, nicolae_shop_trees,
          kennysheep_pointless_box, kennysheep_underground_church,
          serial_bayou_shore_b, infiniplex_staircase_trident, firewood_loft,
          uniq_nikola
Depths:3: lemuel_castle_with_subvaults, pan_entry, abyss_entry,
          grunt_hell_entry_dis_mu, serial_sigils_hangedman_carve, uniq_asterion
Depths:4: minmay_expanding_squares, enter_ziggurat_d, minmay_misc_feat_tiny,
          abyss_entry, hell_entry, infiniplex_staircase_pillars_3a
Depths:5: grunt_runaround, abyss_entry, serial_shops, hell_entry
Dis:4:    lemuel_mystery_crypt
Zot:4:    grunt_zot_stairs_mandelzot, basic_stair_grate_trap
Abyss:3:  minivault_27
Abyss:4:  evilmike_abyss_exit_5, evilmike_abyss_exit_16,
          nicolae_abyss_rune_star_stuff
Abyss:5:  evilmike_nicolae_abyss_rune_containment_curve, evilmike_abyss_exit_13,
          evilmike_abyss_exit_smiterflies
Zig:3:    ziggurat_pillar_centre_c
Zig:8:    ziggurat_pillar_centre_oklobs
Zig:9:    ziggurat_pillar_centre_dead_trees
Zig:12:   ziggurat_pillar_centre_smoke
Lab:      labyrinth_watery, nicolae_lab_statue, nicolae_lab_flowing_pool,
          nicolae_lab_big_swirl, nicolae_lab_very_dead_end
Bazaar:   bazaar_jpeg_circle_common
Ossuary:  ossuary_tomb_3
Bailey:   bailey_polearm_5, bailey
IceCv:    ice_cave_caverns_01

Skill      XL: |  1  2  3  4  5  6  7  8  9 10 11 12 13 14 15 16 17 18 19 20 21 22 23 24 25 26 27 |
---------------+----------------------------------------------------------------------------------+-----
Maces & Flails | 3 4 5 7 9 10 13 14 15 17 18 19 20 21 22 23 25 | 25.0
Shields        | 4 5 6 7 8 9 10 12 13 14 15 16 17 18 19 20 27 | 27.0
Fighting       | 4 5 6 7 8 10 11 12 13 14 15 16 17 18 19 20 21 27 | 27.0
Armour         | 4 5 6 7 8 10 11 12 13 14 15 16 17 18 19 20 27 | 27.0
Invocations    | 6 9 12 14 16 17 19 20 21 27 | 27.0
Dodging        | 11 | 11.5
Evocations     | 8 |  8.7

Action                   |  1- 3 |  4- 6 |  7- 9 | 10-12 | 13-15 | 16-18 | 19-21 | 22-24 | 25-27 || total
-------------------------+-------+-------+-------+-------+-------+-------+-------+-------+-------++-------
Melee: Flail             |   157 |   234 |   244 |       |   522 |   781 |       |       |       ||  1938
       Mace              |       |       |   272 |   683 |  1441 |       |       |       |       ||  2396
       Morningstar       |       |       |       |       |   339 |       |       |       |       ||   339
       Sacred scourge    |       |       |       |       |       |   514 |  2205 |  2014 |  7039 || 11772
Throw: Javelin           |       |       |       |       |       |       |       |       |    12 ||    12
Invok: Brand Weapon With |       |       |       |       |       |     1 |       |       |       ||     1
       Divine Shield     |       |       |       |       |       |       |     1 |     1 |    14 ||    16
       Cleansing Flame   |       |       |       |       |       |       |       |       |    44 ||    44
       Summon Divine War |       |       |       |       |       |       |       |       |     1 ||     1
 Abil: Fly               |       |       |       |       |     1 |       |       |       |       ||     1
Evoke: Wand              |       |       |       |       |       |       |       |       |    18 ||    18
       Figurine of a zig |       |       |       |       |       |       |       |       |     1 ||     1
  Use: Potion            |       |       |       |     3 |     9 |    11 |     6 |    21 |    21 ||    71
       Scroll            |       |       |       |    23 |    11 |    16 |    10 |     5 |    65 ||   130
 Stab: Distracted        |       |       |       |       |       |       |       |       |     1 ||     1
  Eat: Chunk             |     1 |     4 |     4 |     6 |     4 |     1 |       |     2 |    12 ||    34
       Fruit             |       |     3 |     3 |    10 |    32 |    12 |     4 |    10 |    15 ||    89
       Beef jerky        |       |       |     1 |     1 |     4 |     2 |     2 |     1 |     4 ||    15
       Meat ration       |       |       |     1 |       |     1 |     5 |     5 |     5 |    14 ||    31
       Pizza             |       |       |       |       |     2 |     1 |       |     1 |     1 ||     5
       Bread ration      |       |       |       |       |       |       |       |       |     5 ||     5
Armor: Scale mail        |    24 |       |       |       |       |       |       |       |       ||    24
       Chain mail        |    67 |   118 |       |       |       |       |       |       |       ||   185
       Plate armour      |       |    45 |   314 |   427 |  1269 |   601 |   649 |   898 |  1513 ||  5716
       Storm dragon armo |       |       |       |       |       |       |       |       |  1679 ||  1679
Dodge: Dodged            |    33 |    35 |    50 |    78 |   234 |   179 |   175 |   242 |  1171 ||  2197
Block: Shield            |    97 |    88 |    47 |       |       |       |       |       |       ||   232
       Large shield      |       |       |   349 |   589 |  2154 |  1368 |  1955 |  2175 |  8731 || 17321
       Reflection        |       |       |       |       |    32 |    89 |   198 |   136 |   225 ||   680
